 Dungeon Sprint DCSS version 0.21.1-1-g345015f (webtiles) character file.

626 wilfster70 the Carver (level 7, -4/61 HPs)
             Began as a Demonspawn Berserker on June 21, 2018.
             Was a Priest of Trog.
             Shot with an arrow by a centaur warrior (10 damage)
             ... in the Dungeon (Sprint I: "Red Sonja").
             The game lasted 00:01:40 (489 turns).

wilfster70 the Carver (Demonspawn Berserker)         Turns: 489, Time: 00:01:41

Health: -4/61      AC:  7    Str: 18    XL:     7   Next: 23%
Magic:  7/7        EV: 22    Int:  8    God:    Trog [***...]
Gold:   309        SH:  0    Dex: 19    Spells: 6/6 levels left

rFire    . . .     SeeInvis .   a - +0 falchion
rCold    . . .     Gourm    .   (no shield)
rNeg     . . .     Faith    .   l - +0 leather armour
rPois    .         Spirit   .   (no helmet)
rElec    .         Reflect  .   (no cloak)
rCorr    .         Harm     .   (no gloves)
MR       .....     NoTele   +   (no boots)
Stlth    +.........             (no amulet)
HPRegen  0.20/turn              k - ring of loudness (curse)
MPRegen  0.10/turn              (no ring)

@: agile, berserk cooldown, starving, slowed, very slow
A: talons 1, iridescent scales 2, powered by pain 1
a: Berserk, Trog's Hand, Burn Spellbooks, Renounce Religion


You were in the Dungeon.
You worshipped Trog.
Trog was most pleased with you.
You were starving.

You visited 1 branch You collected 309 gold pieces.

Inventory:

Hand Weapons
 a - a +0 falchion (weapon)
Armour
 l - a +0 leather armour (worn)
Jewellery
 k - a cursed ring of loudness (left hand)
Wands
 j - a wand of random effects (24)
Scrolls
 i - a scroll of blinking
Potions
 d - 2 potions of curing
 e - 2 potions of heal wounds
 f - a potion of haste
 g - 2 potions of magic
 h - a potion of berserk rage
Comestibles
 c - a ration


   Skills:
 + Level 7.7 Fighting
 * Level 9.6 Long Blades
 + Level 6.6 Armour
 + Level 6.6 Dodging


You had 6 spell levels left.
You didn't know any spells.

Dungeon Overview and Level Annotations

Branches:
Dungeon (1/1)

Altars:
Cheibriados
Dithmenos
Elyvilon
Fedhas
Gozag
Hepliaklqana
Kikubaaqudgha
Makhleb
Nemelex Xobeh
Okawaru
Qazlal
Ru
Sif Muna
Trog
Uskayaw
Vehumet
Wu Jian
Xom
Yredelemnul
Zin
The Shining One
Jiyva
Lugonu

Shops:
D :


Innate Abilities, Weirdness & Mutations

You have sharp toenails.
You are mostly covered in iridescent scales. (AC +4)
You sometimes gain a little power by taking damage.


Message History

The centaur warrior shouts!
You hear a shout!
The centaur warrior wields a longbow.
The centaur warrior shoots an arrow.
The arrow barely misses you.
The centaur warrior wields a longbow.
The centaur warrior shoots an arrow.
The arrow hits you!
There is an open door, spattered with blood here.
You see here an arrow.
The centaur warrior shoots an arrow.
The arrow barely misses you.
You see here an arrow.
The centaur warrior shoots an arrow.
The arrow hits you!
The centaur warrior shoots an arrow.
The arrow misses you.
The centaur warrior shoots an arrow.
The arrow hits you!
You focus on the pain.
You feel agile all of a sudden.
You see here 3 arrows.
The centaur warrior shoots an arrow.
The arrow completely misses you.
You see here an arrow.
The centaur warrior shoots an arrow.
The arrow hits you!
* * * LOW HITPOINT WARNING * * *
The centaur warrior shoots an arrow.
The arrow hits you!
You die...

###################
#<.#..)..#.)'..#__#
#.['..#..'..#..'..+
#..#####'#####@#__# ##
#..####..#...#(####§§#
#..#__####..##(#≈≈≈.§#
#..#_____##'#_(c≈c§§§
#⌠⌠#_.∩...'..._#c§§§§#
####_..__##_.#'##+####
#_____###+#.# #######
###


You could see a centaur warrior.

Vanquished Creatures
  A slime creature (D)
  Sigmund (D)
  A yak (D)
  An ogre (D)
  A jelly (D)
  Ijyb (D)
6 creatures vanquished.

Notes
Turn   | Place    | Note
-------+----------+-------------------------------------------
     0 | D        | wilfster70 the Demonspawn Berserker began the quest for the Orb.
     0 | D        | Reached XP level 1. HP: 18/18 MP: 1/1
     1 | D        | Noticed Ijyb
     6 | D        | Killed Ijyb
     6 | D        | Reached skill level 4 in Long Blades
     6 | D        | Gained mutation: You are partially covered in iridescent scales. (AC +2) [demonic ancestry]
     6 | D        | Reached XP level 2. HP: 25/25 MP: 2/2
    63 | D        | Noticed an ogre
    68 | D        | Killed an ogre
    68 | D        | Reached skill level 5 in Fighting
    68 | D        | Reached skill level 5 in Long Blades
    68 | D        | Gained mutation: You are mostly covered in iridescent scales. (AC +4) [demonic ancestry]
    68 | D        | Reached XP level 3. HP: 33/33 MP: 3/3
    68 | D        | Reached XP level 4. HP: 39/39 MP: 4/4
   116 | D        | Noticed Sigmund
   131 | D        | Killed Sigmund
   131 | D        | Reached ** piety under Trog
   131 | D        | Reached skill level 7 in Long Blades
   131 | D        | Reached skill level 5 in Armour
   131 | D        | Reached skill level 5 in Dodging
   131 | D        | Gained mutation: You sometimes gain a little power by taking damage. [demonic ancestry]
   131 | D        | Reached XP level 5. HP: 43/46 MP: 5/5
   131 | D        | Reached XP level 6. HP: 49/52 MP: 6/6
   241 | D        | Found a deep blue altar of Sif Muna.
   242 | D        | Found an ornate altar of the Wu Jian Council.
   243 | D        | Found a radiant altar of Vehumet.
   248 | D        | Found a burning altar of Makhleb.
   248 | D        | Found a viscous altar of Jiyva.
   248 | D        | Found a shimmering altar of Xom.
   248 | D        | Found a corrupted altar of Lugonu.
   248 | D        | Noticed a slime creature
   264 | D        | Killed a slime creature
   264 | D        | Reached skill level 9 in Long Blades
   458 | D        | Found Viwydeet's Book Emporium.
   458 | D        | Found an ancient bone altar of Kikubaaqudgha.
   458 | D        | Found a hazy altar of Hepliaklqana.
   458 | D        | Found a hide-covered altar of Uskayaw.
   458 | D        | Found a basalt altar of Yredelemnul.
   458 | D        | Found an opulent altar of Gozag.
   458 | D        | Found a snail-covered altar of Cheibriados.
   458 | D        | Found a sacrificial altar of Ru.
   458 | D        | Found a shadowy altar of Dithmenos.
   458 | D        | Noticed a yak
   466 | D        | Killed a yak
   466 | D        | Reached *** piety under Trog
   466 | D        | Gained mutation: You have sharp toenails. [demonic ancestry]
   466 | D        | Reached XP level 7. HP: 61/61 MP: 7/7
   467 | D        | Found a stormy altar of Qazlal.
   467 | D        | Found a blossoming altar of Fedhas.
   467 | D        | Found a bloodstained altar of Trog.
   467 | D        | Found an iron altar of Okawaru.
   467 | D        | Found a glowing golden altar of the Shining One.
   467 | D        | Found a glowing silver altar of Zin.
   467 | D        | Found a white marble altar of Elyvilon.
   468 | D        | Found a sparkling altar of Nemelex Xobeh.
   479 | D        | Noticed a centaur warrior
   483 | D        | Noticed a centaur warrior
   489 | D        | Shot with an arrow by a centaur warrior

Skill      XL: |  1  2  3  4  5  6 |
---------------+-------------------+-----
Long Blades    | 4 5 7 9 |  9.6
Armour         | 2 4 5 6 |  6.6
Dodging        | 2 4 5 6 |  6.6
Fighting       | 5 6 7 |  7.7

Action                   |  1- 3 |  4- 6 |  7- 9 || total
-------------------------+-------+-------+-------++-------
Melee: Falchion          |     7 |    30 |       ||    37
Invok: Berserk           |     2 |     3 |       ||     5
  Use: Scroll            |       |     1 |       ||     1
  Eat: Chunk             |       |     1 |       ||     1
Armor: Leather armour    |       |     3 |       ||     3
Dodge: Dodged            |     2 |     9 |     4 ||    15
       Rpst.: Falchion   |     1 |     1 |       ||     2
